Kradschützen Motorcycle Team
Construct Light Support Kompanie
Selects Armored Support Battlegroup
Selects Superior Fire Drills
Construct Mechanized Kompanie
254 Reconnaissance Tractor
Construct Panzerarmee Kommand
Selects Flammpanzer III Medium Tank
Flammpanzer III Medium Tank
Selects Command Panzer IV F Medium Tank
Walking Stuka Rocket Launcher
Panzerjäger Mechanized Group
Flak 36 Anti-tank Gun Team
Selects Stuka Anti-tank Loiter
Walking Stuka Rocket Launcher